 Dungeon Crawl Stone Soup version 0.17.0-24-gcfadda4 (webtiles) character file.

121 Niddhoggr the Covered (level 4, -3/44 HPs)
             Began as a Deep Dwarf Fighter on Nov 17, 2015.
             Slain by Sigmund
             ... wielding a +0 scythe
              (8 damage)
             ... on level 3 of the Dungeon.
             The game lasted 00:10:01 (1946 turns).

Niddhoggr the Covered (Deep Dwarf Fighter)          Turns: 1946, Time: 00:10:02

Health: -3/44      AC: 10    Str: 25    XL:     4   Next: 77%
Magic:  4/4        EV:  8    Int:  9    God:
Gold:   118        SH: 10    Dex: 12    Spells: 0 memorised, 3 levels left

rFire  . . .     SeeInvis .     l - +0 hand axe (vamp)
rCold  . . .     Clarity  .     b - +0 scale mail
rNeg   . . .     SustAt   .     c - +0 shield
rPois  .         Gourm    .     (no helmet)
rElec  .         Spirit   .     h - +0 cloak
rCorr  .         Warding  .     (no gloves)
rMut   .         Stasis   .     m - +1 pair of boots
MR     .....                    (no amulet)
Stlth  ..........               (no ring)
                                (no ring)

@: mighty, non-regenerating, not resistant to hostile enchantments, extremely
unstealthy
A: damage resistance, recharge devices, sense surroundings 1, slow regeneration
3
a: Device Recharging


You were on level 3 of the Dungeon.
You were not hungry.

You visited 1 branch of the dungeon, and saw 3 of its levels.

You collected 118 gold pieces.

Inventory:

Hand Weapons
 a - a +0 war axe
 l - a +0 vampiric hand axe (weapon)
Missiles
 q - 5 javelins (quivered)
Armour
 b - a +0 scale mail (worn)
 c - a +0 shield (worn)
 h - a +0 cloak (worn)
 m - a +1 pair of boots (worn)
Wands
 e - a wand of heal wounds (5)
Scrolls
 f - a scroll of random uselessness {unknown}
 g - 3 scrolls of identify {unknown}
 j - 2 scrolls of remove curse {unknown}
 o - 3 scrolls of fear {unknown}
 t - a scroll of recharging {unknown}
 w - a scroll of teleportation {unknown}
Potions
 i - 3 potions of magic {unknown}
 k - a potion of haste {unknown}
 p - a potion of invisibility {unknown}
 r - 2 potions of curing {unknown}
 x - a potion of mutation {unknown}
Comestibles
 n - 2 slices of pizza
 s - 3 chunks of flesh
 u - a bread ration
 v - a fruit


   Skills:
 * Level 3.7 Fighting
 - Level 2.6 Axes
 - Level 0.1 Throwing
 - Level 3.8 Armour
 - Level 2.1 Dodging
 - Level 3.7 Shields


You had 3 spell levels left.
You didn't know any spells.

Dungeon Overview and Level Annotations

Branches:
Dungeon (3/15)

Altars:
Sif Muna

Annotations:
D:3 Sigmund


Innate Abilities, Weirdness & Mutations

You are resistant to damage.
You can recharge devices by infusing magical energy.
You passively map a small area around you.
You do not regenerate naturally.


Message History

You barely miss something. Something hits you but does no damage.
You miss something. Something hits you but does no damage.
You miss something. You block its attack.
You hit something but do no damage. Something hits you but does no damage.
You hear some strange, mumbled words.
Something tries to affect you, but you resist.
You miss something. You block its attack.
You miss something.
You hear a zap.
You miss something. Something completely misses you.
You hear some strange, mumbled words.
A puff of flame appears from out of thin air!
The puff of flame hits you!
* * * LOW HITPOINT WARNING * * *
You closely miss something. Something hits you.
Drink which item? (? for menu, Esc to quit)
You feel very mighty all of a sudden. You block its attack.
You hit something. Something hits you but does no damage. Something hits you!
You die...

##* .. , ## **.####
.#
#############......
.#
#.....<....@{......
, , .#
#.###########......
.# #.#.......#
.....
.#####'#.#####.#
.... .#.......# #.#
, ..# ,* .#>......#
#.#,, *.#
.#.......# #.# * ,#
* .........#####.#
*,, ,,
........_......# *
*


There were no monsters in sight!

Vanquished Creatures
  6 adders (D:2)
  3 worms (D:2)
  A giant gecko (D:2)
  2 giant cockroaches
  2 hobgoblins (D:2)
  2 ball pythons
  10 bats
  2 giant newts
  7 goblins
  10 jackals
  6 kobolds
  9 rats
60 creatures vanquished.

Notes
Turn   | Place    | Note
--------------------------------------------------------------
     0 | D:1      | Niddhoggr the Deep Dwarf Fighter began the quest for the Orb.
     0 | D:1      | Reached XP level 1. HP: 20/20 MP: 1/1
   182 | D:1      | Reached XP level 2. HP: 25/28 MP: 2/2
   549 | D:1      | Reached skill level 1 in Dodging
  1002 | D:2      | Reached XP level 3. HP: 34/34 MP: 3/3
  1156 | D:2      | Reached XP level 4. HP: 38/42 MP: 4/4
  1562 | D:3      | Found a deep blue altar of Sif Muna.
  1902 | D:3      | Noticed Sigmund
  1946 | D:3      | Slain by Sigmund

Action                   |  1- 3 |  4- 6 || total
-------------------------+-------+-------++-------
Melee: War axe           |    19 |       ||    19
       Hand axe          |   144 |   139 ||   283
Throw: Javelin           |     2 |     4 ||     6
  Use: Potion            |       |     1 ||     1
  Eat: Bread ration      |     1 |       ||     1
       Chunk             |     1 |     3 ||     4
